cohdb
Replays
Latest Replays
All Replays
Popular Replays
Top Player Replays
Match Explorer
How It Works
Community
CoH3 Stats
Reddit
Sign in to upload your games and track your stats! →
Sign in with Steam
Match 31057747
Unlisted
Match 31057747
Overview
Messages
Build Orders
End
Construct Infanterie Kompanie
Selects Breakthrough Battlegroup
Selects Assault Grenadiers
Grenadier Squad
MG 42 Machine Gun Team
Grenadier Squad
Grenadier Squad
GrW 34 Mortar Team
Construct Panzergrenadier Kompanie
251 Medium Carrier
Selects Rapid Production
Selects Smoke Bombing Run
Pak 40 Anti-tank Gun Team
Pak 40 Anti-tank Gun Team
Selects Incendiary Bombing Run
Pak 40 Anti-tank Gun Team
Panzergrenadier Squad
Incendiary Bombing Run
Panzergrenadier Squad
Panzergrenadier Officer Quarters
Smoke Bombing Run
Construct Panzer Kompanie
Pak 40 Anti-tank Gun Team
Smoke Bombing Run
Pak 40 Anti-tank Gun Team
Incendiary Bombing Run
Incendiary Bombing Run
Sturmpanzer IV Brummbär
Incendiary Bombing Run
Sturmpanzer IV Brummbär
Panzer Officer Quarters
Selects Blitzkrieg
Incendiary Bombing Run
251 Medium Carrier
Barbarossa
Fate
OOOY
Nukepapa
Paradox
Easy Eight
0
0
Comments
sign in to comment!
No comments posted yet!